 Dungeon Crawl Stone Soup version 0.27.0-1-g7a089689b8 (webtiles) character file.

Game seed: 8058377646869632486

683 ZARRMARR the Cleaver (level 7, -3/61 HPs)
             Began as a Hill Orc Monk on Aug 11, 2021.
             Slain by a scorpion (5 damage)
             ... on level 5 of the Dungeon.
             The game lasted 00:22:03 (5909 turns).

ZARRMARR the Cleaver (Hill Orc Monk)                Turns: 5909, Time: 00:22:04

Health: -3/61      AC:  5    Str: 17 (18) XL:     7   Next: 61%
Magic:  7/7        EV: 13    Int:  9 (12) God:
Gold:   147        SH:  0    Dex: 12 (13) Spells: 6/6 levels left

rFire    . . .     SeeInvis .   a - +0 hand axe
rCold    . . .     Faith    .   (no shield)
rNeg     . . .     Spirit   .   b - +0 robe
rPois    .         Reflect  .   i - +2 helmet
rElec    .         Harm     .   (no cloak)
rCorr    .         Rampage  .   (no gloves)
Will     +....                  (no boots)
Stlth    ++........             (no amulet)
HPRegen  0.20/turn              f - ring of willpower
MPRegen  0.10/turn              (no ring)

@: mighty, lethally poisoned (-3 -> -7), hasted, very quick
A: clever 1, strong 1
a: no special abilities


You were on level 5 of the Dungeon.
You visited 1 branch of the dungeon, and saw 5 of its levels.

You collected 147 gold pieces.

Inventory:

Hand Weapons
 a - a +0 hand axe (weapon)
 j - a +0 flail of venom
Missiles
 c - 55 stones (quivered)
 e - 17 sling bullets
Armour
 b - a +0 robe (worn)
 i - a +2 helmet (worn)
Jewellery
 f - a ring of willpower (left hand)
Scrolls
 k - a scroll of holy word
 q - a scroll of identify {unknown}
Potions
 d - a potion of mutation
 h - a potion of degeneration
 m - a potion of berserk rage {unknown}
 n - a potion of curing {unknown}
 o - a potion of lignification {unknown}
 p - a potion of flight {unknown}


   Skills:
 + Level 5.1 Fighting
 + Level 8.0 Axes
 + Level 2.5 Throwing
 + Level 3.8 Dodging
 + Level 2.5 Stealth


You had 6 spell levels left.
You didn't know any spells.
Your spell library contained the following spells:

 Spells                   Type           Power      Damage    Failure   Level
 Freeze                   Ice            0%         1d3       38%         1
 Frozen Ramparts          Ice            0%         1d2       77%         3
 Hailstorm                Conj/Ice       0%         3d3       99%         4


Dungeon Overview and Level Annotations

Branches:
Dungeon (5/15)
 Temple: D:4-7

Altars:
Makhleb

Shops:
D:4 !

Annotations:
D:3 Grinder, Sigmund
D:4 1 runed translucent door, MeatGrinder's ghost, amateur HuBe


Innate Abilities, Weirdness & Mutations

Your mind is acute. (Int +2)
Your muscles are strong. (Str +2)


Message History

You hit the scorpion.
The scorpion is heavily wounded.
You feel sick.
You are no longer poisoned.
The scorpion barely misses you.
You closely miss the scorpion.
The scorpion is heavily wounded.
The scorpion stings you!
You hit the scorpion.
The scorpion is severely wounded.
The scorpion stings you.
You barely miss the scorpion.
The scorpion is severely wounded.
The scorpion closely misses you.
You hit the scorpion but do no damage.
The scorpion is severely wounded.
The scorpion barely misses you.
You barely miss the scorpion.
The scorpion is severely wounded.
The scorpion stings you.
You barely miss the scorpion.
The scorpion is severely wounded.
The scorpion stings you!
* * * LOW HITPOINT WARNING * * *
You are poisoned.
The scorpion poisons you!
It was a potion of degeneration.
There was something very wrong with that liquid.
You feel weakened.
You feel dopey.
You feel clumsy.
You feel sick. The scorpion stings you.
* * * LOW HITPOINT WARNING * * *
It was a potion of might.
You feel very mighty all of a sudden.
You feel sick. The scorpion stings you.
* * * LOW HITPOINT WARNING * * *
The scorpion closely misses you.
It was a potion of haste.
You feel yourself speed up.
* * * LOW HITPOINT WARNING * * *
You feel sick. The scorpion stings you.
You die...

#.........# (.
#.........# (..
#.........# (...
#...>.....# #....
#.........# #....
#.........####....
#.................
#.............###+
#@............# #.
#s............# #.
.(............###.
.?...###...........
.(....#
#.##....###.
.(.....# #.##....#
#. ..(.....# #
#....# #.
#........# #....#
#. #....# #.


You could see a scorpion.

Vanquished Creatures
  2 ogres
  A scorpion (D:5)
  A bullfrog zombie (D:5)
  2 hounds
  A gnoll shaman (D:5)
  5 iguanas
  2 orc wizards (D:5)
  5 gnolls
  A howler monkey skeleton (D:4)
  A shadow imp (D:5)
  A worm (D:3)
  2 dart slugs
  5 orcs
  4 endoplasms
  2 giant cockroaches (D:1)
  4 goblins
  3 hobgoblins
  18 jackals
  A quokka (D:4)
  5 ball pythons
  2 bats (D:1)
  2 frilled lizards
  4 kobolds
  6 rats
80 creatures vanquished.

Notes
Turn   | Place    | Note
-------+----------+-------------------------------------------
     0 | D:1      | ZARRMARR the Hill Orc Monk began the quest for the Orb.
     0 | D:1      | Reached XP level 1. HP: 19/19 MP: 1/1
    19 | D:1      | You fall into a shaft and drop 1 floor!
    67 | D:1      | Reached XP level 2. HP: 17/27 MP: 2/2
   777 | D:1      | Reached XP level 3. HP: 33/33 MP: 3/3
  1040 | D:2      | Found a burning altar of Makhleb.
  1843 | D:3      | Noticed Grinder
  2044 | D:4      | Reached XP level 4. HP: 29/40 MP: 4/4
  2371 | D:4      | Reached skill level 5 in Axes
  2462 | D:4      | Found Meovesoz's Distillery.
  2583 | D:4      | Noticed an ogre
  2597 | D:4      | Gained mutation: Your muscles are strong. (Str +2) [potion
                  | of mutation]
  2597 | D:4      | Gained mutation: Your mind is acute. (Int +2) [potion of
                  | mutation]
  3196 | D:3      | Noticed Sigmund
  3398 | D:4      | Reached skill level 1 in Throwing
  3398 | D:4      | Reached XP level 5. HP: 43/46 MP: 5/5
  3499 | D:4      | Killed an ogre
  3500 | D:4      | Reached skill level 6 in Axes
  3576 | D:4      | Found a runed translucent door.
  3582 | D:4      | Noticed MeatGrinder's ghost (amateur HuBe)
  3826 | D:5      | Entered Level 5 of the Dungeon
  3856 | D:5      | Reached XP level 6. HP: 29/53 MP: 6/6
  4135 | D:5      | Reached skill level 7 in Axes
  4527 | D:5      | Reached XP level 7. HP: 33/60 MP: 7/7
  5649 | D:5      | Reached skill level 5 in Fighting
  5664 | D:5      | Reached skill level 8 in Axes
  5908 | D:5      | HP: 2/61 [scorpion (5)]
  5909 | D:5      | Slain by a scorpion

Illustrated notes

Levels and vault maps discovered:
D:1:      dpeg_arrival_pits, layout_basic
D:2:      layout_rooms, basic_altar, corner_web_ring, hangedman_decor_opposing
D:3:      layout_rooms, hellmonk_ecumenical_altar_run_dry, roderic_lattice_a,
          uniq_sigmund, uniq_grinder
D:4:      layout_cave_pods, serial_shops, nicolae_shop_statue_plus,
          ebering_ghost_reflecting_pool
D:5:      layout_basic

Skill      XL: |  1  2  3  4  5  6  7 |
---------------+----------------------+-----
Fighting       | 4 5 |  5.1
Dodging        | 3 |  3.8
Axes           | 5 6 7 8 |  8.0
Throwing       | 1 2 |  2.5
Stealth        | 2 |  2.5

Action                   |  1- 3 |  4- 6 |  7- 9 || total
-------------------------+-------+-------+-------++-------
Melee: Hand axe          |   151 |   139 |    83 ||   373
Throw: Stone             |    46 |    57 |    19 ||   122
  Use: Scroll            |     1 |     3 |       ||     4
       Potion            |       |     2 |     4 ||     6
 Stab: Sleeping          |     4 |     1 |     1 ||     6
Armor: Robe              |    33 |    23 |     3 ||    59
Dodge: Dodged            |   124 |    78 |    39 ||   241
